Map: Pillars of Gold LE

Players

HeroMarine

  • Race: Terran Terran
  • League: Master
  • Spawn Location: 7:00

Reynor - Winner!

  • Race: Zerg Zerg
  • Spawn Location: 1:00

Event: DreamHack SC2 Masters 2020 Summer Europe

VOD

Have the link to the VOD?

Description

Time

  • Played on: July 7, 2020, 1:36 p.m.
  • Length: 9:28

All games in this series

Show
View Real Time Build Order
Export as new Build Order

HeroMarine Terran 

Build Orders: Reaper Expand 

Get SALT Encoding   

  12  0:01  SCV  
  13  0:13  SCV  
  14  0:18  Supply Depot  
  14  0:25  SCV  
  15  0:39  SCV  
  15  0:41  Barracks  
  16  0:44  Refinery  
  16  0:51  SCV  
  17  1:03  SCV  
  18  1:15  SCV  
  19  1:28  Reaper, Orbital Command  
  20  1:43  Command Center  
  20  1:54  Supply Depot  
  20  1:56  SCV  
  20  2:00  Marine  
  22  2:08  SCV  
  23  2:12  Factory  
  23  2:20  SCV  
  23  2:22  Barracks Reactor  
  24  2:24  Refinery  
  24  2:32  SCV  
  25  2:44  SCV  
  26  2:56  SCV  
  26  2:57  Starport  
  27  3:01  Orbital Command  
  27  3:03  Hellion x2  
  31  3:07  Barracks Tech Lab  
  31  3:08  SCV  
  32  3:20  SCV  
  32  3:24  Hellion x2  
  37  3:27  SCV  
  37  3:32  SCV, Supply Depot  
  39  3:37  Viking  
  39  3:41  SCV  
  42  3:44  SCV  
  43  3:48  Stimpack  
  43  3:52  Marine  
  43  3:53  SCV  
  45  3:57  SCV  
  50  4:05  SCV  
  50  4:08  Barracks  
  50  4:09  SCV  
  48  4:10  Starport Reactor, Marine  
  48  4:11  Barracks  
  48  4:16  Factory Tech Lab  
  48  4:17  Engineering Bay  
  49  4:20  SCV, Supply Depot  
  50  4:28  Marine  
  50  4:29  SCV  
  52  4:32  SCV, Refinery  
  53  4:40  Supply Depot  
  53  4:42  Siege Tank  
  53  4:44  SCV x2  
  58  4:46  Marine  
  59  4:54  Supply Depot  
  59  4:55  Starport Reactor  
  59  4:56  SCV x2  
  59  4:57  Marine  
  59  4:59  Terran Infantry Weapons Level 1  
  62  5:01  Marine  
  62  5:02  Supply Depot  
  62  5:03  Marine  
  64  5:08  SCV x2, Marine  
  64  5:10  Marine  
  68  5:15  Marine, Siege Tank  
  68  5:19  Marine  
  74  5:27  Supply Depot, Marine  
  74  5:28  Combat Shield, Marine x2  
  76  5:32  Medivac  
  76  5:35  Medivac  
  80  5:39  Marine  
  80  5:40  Marine  
  82  5:45  Marine x2  
  84  5:52  SCV  
  84  5:53  SCV  
  84  5:56  Marine  
  86  5:57  Marine x2  
  86  5:59  Siege Tank  
  86  6:03  Marine x2  
  91  6:10  Command Center  
  91  6:13  Supply Depot  
  91  6:14  Supply Depot, Marine  
  91  6:15  Marine x2  
  94  6:20  Medivac  
  94  6:21  Marine x2  
  94  6:22  Medivac  
  94  6:24  SCV  
  101  6:26  SCV  
  102  6:34  Marine x3  
  102  6:37  Refinery  
  102  6:39  Marine, Siege Tank  
  109  6:47  Marine  
  109  6:51  SCV x2  
  109  6:52  Marine  
  109  6:53  Terran Infantry Armor Level 1  
  109  6:54  Marine x2  
  115  7:03  SCV x2  
  115  7:05  Marine  
  118  7:09  Barracks  
  118  7:10  Barracks  
  118  7:18  Marine x2  
  118  7:22  SCV x2, Medivac x2, Marine  
  124  7:23  Marine  
  124  7:26  Marine  
  127  7:35  Marine  
  127  7:36  Marine  
  123  7:40  SCV x2, Marine  
  123  7:42  Armory, Marine, Siege Tank  
  123  7:43  Engineering Bay  
  123  7:44  Marine  
  119  7:52  SCV x2  
  119  7:53  Marine x2  
  119  7:58  Marine  
  122  8:02  Marine  
  122  8:03  Marine, Liberator  
  122  8:04  SCV  
  126  8:10  Orbital Command  
  126  8:11  Marine  
  127  8:14  SCV  
  127  8:16  SCV  
  129  8:20  Marine x2  
  129  8:26  SCV  
  133  8:29  Barracks Reactor  
  133  8:30  SCV, Barracks Reactor  
  133  8:32  Supply Depot  
  133  8:33  Marine  
  133  8:35  Marine  
  133  8:37  Bunker, Marine  
  133  8:38  Marine  
  134  8:46  Marine  
  128  8:49  Medivac x2  
  128  8:51  Marine  
  128  8:53  Marine  
  128  8:55  Marine  
  129  8:56  Marine  
  118  9:04  Marine  
  118  9:09  Marine x2  
  105  9:10  Marine  
Show
View Real Time Build Order
Export as new Build Order

Reynor Zerg - Winner!

Build Orders: Hatch First, Muta Ling Bane 

Get SALT Encoding   

  12  0:00  Drone  
  13  0:12  Overlord  
  13  0:17  Drone  
  14  0:31  Drone x2  
  16  0:49  Hatchery  
  15  0:53  Drone  
  15  0:56  Drone  
  17  1:00  Drone  
  18  1:11  Extractor  
  17  1:16  Spawning Pool  
  16  1:19  Drone  
  16  1:22  Drone  
  18  1:28  Drone  
  19  1:39  Drone  
  20  1:51  Overlord  
  20  2:00  Drone  
  21  2:02  Queen  
  21  2:03  Zergling x2, Queen  
  26  2:11  Zergling x2  
  26  2:12  Drone  
  28  2:22  Drone  
  29  2:23  Drone  
  30  2:33  Spore Crawler  
  30  2:38  Hatchery  
  30  2:40  Drone x2  
  31  2:44  Pneumatized Carapace  
  30  2:52  Queen  
  30  2:57  Overlord  
  32  3:00  Drone  
  32  3:03  Drone  
  32  3:05  Drone  
  35  3:10  Metabolic Boost  
  35  3:15  Drone x2  
  35  3:17  Drone  
  38  3:27  Overlord  
  38  3:28  Drone x3  
  38  3:32  Queen  
  43  3:39  Overlord  
  43  3:45  Zergling x2  
  43  3:46  Zergling x2  
  44  3:49  Drone  
  44  3:50  Queen  
  44  3:51  Drone  
  48  3:55  Zergling x2  
  48  4:00  Drone x3  
  48  4:01  Overlord  
  48  4:02  Drone  
  53  4:05  Zergling x2  
  54  4:14  Zergling x4  
  56  4:17  Drone, Extractor  
  56  4:22  Zergling x2  
  56  4:23  Drone  
  58  4:26  Queen  
  58  4:27  Queen  
  58  4:29  Overlord  
  58  4:30  Drone x2  
  64  4:32  Drone  
  64  4:33  Drone  
  64  4:35  Overlord  
  66  4:41  Overlord  
  66  4:47  Evolution Chamber x2  
  66  4:48  Zergling x4  
  66  4:52  Overlord  
  66  4:55  Drone x2  
  66  4:56  Drone x3  
  66  4:57  Drone x2  
  66  4:58  Drone  
  74  5:00  Drone  
  74  5:02  Drone  
  76  5:08  Drone x3  
  79  5:16  Drone x2  
  79  5:17  Zerg Melee Weapons Level 1  
  79  5:18  Zerg Ground Armor Level 1  
  79  5:19  Overlord  
  81  5:26  Overlord  
  81  5:29  Zergling x4  
  81  5:31  Drone x2  
  81  5:32  Drone  
  86  5:39  Overlord  
  86  5:40  Lair, Drone x2  
  86  5:42  Drone x3  
  91  5:43  Zergling x4, Extractor, Baneling Nest  
  90  5:53  Zergling x6  
  90  5:56  Drone, Extractor  
  93  6:03  Drone x2  
  93  6:05  Zergling x2  
  93  6:06  Hatchery, Drone  
  93  6:07  Drone x2, Extractor  
  95  6:11  Spore Crawler  
  95  6:13  Zergling x6  
  95  6:15  Zergling x4  
  95  6:17  Zergling x2  
  100  6:25  Overlord  
  100  6:26  Zergling x4  
  100  6:27  Zergling x6  
  105  6:37  Zergling x4, Baneling  
  105  6:38  Baneling x8  
  105  6:39  Zergling x8  
  111  6:42  Centrifical Hooks  
  109  6:48  Overlord  
  109  6:50  Zergling x4  
  109  6:53  Baneling x3  
  111  6:55  Drone x5  
  111  6:56  Drone  
  117  7:03  Zergling x6  
  117  7:05  Queen x2, Baneling x3  
  117  7:07  Spire  
  123  7:09  Hatchery, Extractor  
  123  7:12  Zergling x4  
  122  7:15  Zergling x2  
  122  7:16  Zergling x4, Overlord  
  120  7:26  Zergling x16  
  128  7:34  Zergling x2  
  128  7:35  Queen  
  115  7:39  Zergling x2  
  115  7:40  Zergling x2  
  112  7:45  Zergling x8  
  112  7:47  Queen  
  112  7:50  Zergling x2  
  117  7:54  Queen  
  117  7:57  Zergling x2  
  117  7:58  Zergling x8  
  120  8:03  Baneling x4  
  120  8:04  Drone x2  
  116  8:07  Zergling x2  
  116  8:11  Drone x2  
  119  8:17  Zergling x6  
  119  8:18  Zergling x2  
  119  8:19  Drone x2  
  126  8:20  Drone  
  126  8:23  Zergling x2  
  127  8:30  Baneling x4  
  127  8:32  Overseer  
  127  8:36  Mutalisk x4  
  127  8:39  Zergling x6  
  132  8:41  Mutalisk x3  
  132  8:47  Overlord  
  134  8:50  Zergling x2  
  134  8:51  Zergling x2  
  134  8:52  Zergling x2  
  132  8:57  Mutalisk x3  
  130  9:03  Zergling x4  
  130  9:04  Zergling x4  
Tags
 
Add a new tag
Caveats
  • Supply blocks, unpowered buildings, or Contaminate may cause inaccurate times.
  • Supply counts are checked every 10 seconds.